4026 views
Uploaded 2020-03-29 22:44:36
Game version 1.32.3
19:58 long 4on4 ladder game on (8)MarketSquare
Saved by Teelo
4026 views
Uploaded 2020-03-29 22:44:36
Game version 1.32.3
19:58 long 4on4 ladder game on (8)MarketSquare


119 units @ 13.8k
/ 1.1k
92 buildings @ 12.3k
/ 5k


| Peon | 13 | 975 | / | 0 |
| Grunt | 7 | 1400 | / | 0 |
| Troll Witch Doctor | 2 | 290 | / | 50 |
| Shaman | 2 | 260 | / | 40 |
| total: | 24 | 2925g | / | 90w |
| Watch Tower | 1 | 110 | / | 80 |
| Altar of Storms | 1 | 180 | / | 50 |
| Orc Burrow | 6 | 960 | / | 240 |
| Barracks | 1 | 180 | / | 50 |
| Voodoo Lounge | 1 | 130 | / | 30 |
| War Mill | 1 | 205 | / | 0 |
| Great Hall | 1 | 385 | / | 185 |
| Spirit Lodge | 2 | 300 | / | 300 |
| Tauren Totem | 1 | 135 | / | 155 |
| Stronghold | 1 | 315 | / | 190 |
| Fortress | 1 | 325 | / | 190 |
| total: | 15 | 2585g | / | 1090w |
| 0:03 | Peon |
| 0:03 | Peon |
| 0:03 | Peon |
| 0:11 | Altar of Storms |
| 0:20 | Orc Burrow |
| 0:37 | Barracks |
| 0:46 | Peon |
| 1:04 | Peon |
| 1:21 | Peon |
| 1:35 | Orc Burrow |
| 1:38 | Grunt |
| 1:53 | Voodoo Lounge |
| 2:18 | Feral Spirit |
| 2:26 | Peon |
| 2:27 | Grunt |
| 3:02 | Grunt |
| 3:04 | Stronghold |
| 3:30 | Grunt |
| 3:48 | Chain Lighting |
| 3:53 | War Mill |
| 4:18 | Orc Burrow |
| 4:20 | Orc Burrow |
| 5:04 | Feral Spirit |
| 5:23 | Orc Burrow |
| 5:58 | Grunt |
| 6:02 | Spirit Lodge |
| 7:07 | Fortress |
| 7:12 | Tauren Totem |
| 7:26 | Chain Lighting |
| 7:28 | War Stomp |
| 7:49 | Shaman Adept Training |
| 7:49 | Witch Doctor Adept Training |
| 7:51 | Grunt |
| 7:51 | Grunt |
| 7:55 | Steel Armor |
| 8:47 | Great Hall |
| 9:33 | Troll Witch Doctor |
| 9:33 | Troll Witch Doctor |
| 9:34 | Shaman |
| 9:34 | Shaman |
| 9:39 | Spirit Lodge |
| 10:04 | Peon |
| 10:04 | Peon |
| 10:04 | Peon |
| 10:04 | Peon |
| 10:50 | Orc Burrow |
| 10:53 | Watch Tower |
| 11:58 | Peon |
| 11:59 | Peon |
| 12:06 | Endurance Aura |
| Right click | 718 |
| Select group | 520 |
| Select | 159 |
| Build/train/purchase | 54 |
| Assign group | 23 |
| Resource trade | 16 |
| Misc. action | 7 |
| Use ability | 6 |
| Minimap ping | 3 |



| Rod of Necromancy | 1 | 150 |
| Sacrificial Skull | 1 | 50 |
| Potion of Mana | 1 | 200 |
| Potion of Healing | 1 | 150 |
| total: | 4 | 550g |
| Acolyte | 15 | 1125 | / | 0 |
| Ghoul | 7 | 840 | / | 0 |
| Crypt Fiend | 4 | 860 | / | 160 |
| total: | 26 | 2825g | / | 160w |
| Nerubian Tower | 2 | 200 | / | 40 |
| Spirit Tower | 1 | 145 | / | 40 |
| Crypt | 1 | 200 | / | 50 |
| Ziggurat | 6 | 900 | / | 300 |
| Altar of Darkness | 1 | 180 | / | 50 |
| Tomb of Relics | 2 | 260 | / | 60 |
| Graveyard | 2 | 430 | / | 0 |
| Necropolis | 2 | 450 | / | 0 |
| Sacrificial Pit | 1 | 75 | / | 150 |
| Halls of the Dead | 1 | 320 | / | 210 |
| Black Citadel | 2 | 650 | / | 460 |
| total: | 15 | 2495g | / | 610w |
| 0:13 | Acolyte |
| 0:13 | Acolyte |
| 0:22 | Crypt |
| 0:32 | Ziggurat |
| 0:38 | Acolyte |
| 1:01 | Altar of Darkness |
| 1:07 | Ziggurat |
| 1:26 | Ghoul |
| 1:35 | Ghoul |
| 1:48 | Ghoul |
| 2:00 | Tomb of Relics |
| 2:14 | Ghoul |
| 2:31 | Ghoul |
| 2:45 | Ghoul |
| 3:05 | Rod of Necromancy |
| 3:05 | Sacrificial Skull |
| 3:21 | Death Coil |
| 3:29 | Ghoul |
| 4:07 | Acolyte |
| 4:08 | Acolyte |
| 4:08 | Acolyte |
| 4:08 | Acolyte |
| 4:09 | Acolyte |
| 4:33 | Graveyard |
| 4:36 | Graveyard |
| 5:34 | Unholy Aura |
| 5:54 | Halls of the Dead |
| 6:14 | Crypt Fiend |
| 6:14 | Crypt Fiend |
| 6:14 | Crypt Fiend |
| 6:25 | Creature Attack |
| 6:28 | Ziggurat |
| 6:30 | Tomb of Relics |
| 7:02 | Necropolis |
| 7:14 | Ziggurat |
| 7:17 | Necropolis |
| 7:20 | Crypt Fiend |
| 7:23 | Ziggurat |
| 7:48 | Nerubian Tower |
| 7:57 | Unholy Aura |
| 8:17 | Black Citadel |
| 8:21 | Sacrificial Pit |
| 8:23 | Nerubian Tower |
| 8:59 | Acolyte |
| 9:00 | Acolyte |
| 9:00 | Acolyte |
| 9:00 | Acolyte |
| 9:00 | Acolyte |
| 9:08 | Web |
| 9:21 | Improved Creature Attack |
| 9:39 | Ziggurat |
| 9:52 | Potion of Mana |
| 10:16 | Acolyte |
| 10:16 | Acolyte |
| 10:21 | Frost Nova |
| 11:53 | Black Arrow |
| 12:15 | Spirit Tower |
| 12:42 | Advanced Creature Attack |
| 12:52 | Potion of Healing |
| Right click | 872 |
| Select | 236 |
| Build/train/purchase | 61 |
| Assign group | 52 |
| Use ability | 13 |
| Select group | 13 |
| Item give/drop | 1 |
| Remove unit | 1 |
| Minimap ping | 1 |


| Peasant | 28 | 2100 | / | 0 |
| Footman | 8 | 1080 | / | 0 |
| Rifleman | 7 | 1435 | / | 210 |
| Mortar Team | 1 | 180 | / | 70 |
| total: | 44 | 4795g | / | 280w |
| Scout Tower | 9 | 270 | / | 180 |
| Arcane Tower | 2 | 140 | / | 100 |
| Guard Tower | 6 | 420 | / | 300 |
| Altar of Kings | 1 | 180 | / | 50 |
| Farm | 5 | 400 | / | 100 |
| Barracks | 3 | 480 | / | 180 |
| Town Hall | 1 | 385 | / | 205 |
| Arcane Vault | 1 | 130 | / | 30 |
| Blacksmith | 1 | 140 | / | 60 |
| Lumber Mill | 1 | 120 | / | 0 |
| Workshop | 1 | 140 | / | 140 |
| Arcane Sanctum | 1 | 150 | / | 140 |
| Keep | 1 | 320 | / | 210 |
| Castle | 1 | 360 | / | 210 |
| total: | 24 | 2395g | / | 1085w |
| 0:02 | Peasant |
| 0:02 | Peasant |
| 0:02 | Peasant |
| 0:14 | Altar of Kings |
| 0:21 | Farm |
| 0:24 | Barracks |
| 0:35 | Peasant |
| 0:49 | Farm |
| 0:53 | Peasant |
| 1:10 | Peasant |
| 1:26 | Footman |
| 1:35 | Peasant |
| 1:41 | Farm |
| 1:50 | Footman |
| 1:59 | Footman |
| 2:09 | Peasant |
| 2:18 | Summon Water Elemental |
| 2:30 | Footman |
| 3:09 | Town Hall |
| 3:40 | Footman |
| 3:48 | Peasant |
| 3:55 | Peasant |
| 4:32 | Peasant |
| 4:33 | Peasant |
| 4:35 | Brilliance Aura |
| 4:49 | Peasant |
| 4:49 | Peasant |
| 4:57 | Scout Tower |
| 4:59 | Scout Tower |
| 5:06 | Footman |
| 5:08 | Peasant |
| 5:08 | Peasant |
| 5:19 | Arcane Vault |
| 5:22 | Peasant |
| 5:22 | Peasant |
| 5:40 | Arcane Tower |
| 5:43 | Arcane Tower |
| 5:51 | Blacksmith |
| 5:55 | Lumber Mill |
| 6:14 | Footman |
| 6:14 | Footman |
| 6:19 | Scout Tower |
| 6:20 | Scout Tower |
| 6:25 | Scout Tower |
| 6:42 | Keep |
| 6:45 | Peasant |
| 6:45 | Peasant |
| 7:01 | Guard Tower |
| 7:21 | Summon Water Elemental |
| 7:36 | Rifleman |
| 7:36 | Rifleman |
| 7:53 | Guard Tower |
| 8:21 | Guard Tower |
| 8:31 | Rifleman |
| 8:31 | Rifleman |
| 8:34 | Barracks |
| 8:37 | Barracks |
| 8:38 | Improved Masonry |
| 8:45 | Black Gunpowder |
| 8:47 | Farm |
| 8:50 | Farm |
| 9:21 | Long Rifles |
| 9:29 | Workshop |
| 9:46 | Peasant |
| 9:46 | Peasant |
| 9:46 | Peasant |
| 9:46 | Peasant |
| 9:57 | Rifleman |
| 9:59 | Peasant |
| 9:59 | Peasant |
| 10:00 | Peasant |
| 10:00 | Peasant |
| 10:01 | Improved Lumber Harvesting |
| 10:07 | Storm Bolt |
| 10:25 | Arcane Sanctum |
| 10:55 | Brilliance Aura |
| 11:11 | Scout Tower |
| 11:12 | Scout Tower |
| 11:13 | Scout Tower |
| 11:14 | Scout Tower |
| 11:22 | Rifleman |
| 11:48 | Guard Tower |
| 11:49 | Guard Tower |
| 11:51 | Guard Tower |
| 12:29 | Castle |
| 12:30 | Rifleman |
| 12:32 | Mortar Team |
| Right click | 601 |
| Select | 286 |
| Select group | 232 |
| Build/train/purchase | 88 |
| Chat | 47 |
| Assign group | 28 |
| Misc. action | 28 |
| Use ability | 9 |
| Resource trade | 5 |
| Minimap ping | 4 |
| Remove unit | 2 |
| Esc | 2 |


| Scroll of Speed | 1 | 50 |
| total: | 1 | 50g |
| Peasant | 10 | 750 | / | 0 |
| Mortar Team | 3 | 540 | / | 210 |
| Priest | 4 | 540 | / | 40 |
| Sorceress | 3 | 465 | / | 60 |
| Flying Machine | 1 | 100 | / | 30 |
| Shaman | 1 | 130 | / | 20 |
| Troll Witch Doctor | 1 | 145 | / | 25 |
| Tauren | 2 | 560 | / | 160 |
| total: | 25 | 3230g | / | 545w |
| Scout Tower | 4 | 120 | / | 80 |
| Arcane Tower | 2 | 140 | / | 100 |
| Guard Tower | 2 | 140 | / | 100 |
| Farm | 9 | 720 | / | 180 |
| Altar of Kings | 1 | 180 | / | 50 |
| Lumber Mill | 1 | 120 | / | 0 |
| Blacksmith | 1 | 140 | / | 60 |
| Town Hall | 2 | 770 | / | 410 |
| Workshop | 2 | 280 | / | 280 |
| Arcane Sanctum | 2 | 300 | / | 280 |
| Keep | 2 | 640 | / | 420 |
| Watch Tower | 4 | 440 | / | 320 |
| Spirit Tower | 1 | 145 | / | 40 |
| Ziggurat | 12 | 1800 | / | 600 |
| Halls of the Dead | 1 | 320 | / | 210 |
| total: | 38 | 4870g | / | 2260w |
| 0:04 | Peasant |
| 0:04 | Peasant |
| 0:11 | Farm |
| 0:12 | Peasant |
| 0:18 | Altar of Kings |
| 0:23 | Peasant |
| 0:34 | Lumber Mill |
| 0:52 | Farm |
| 1:03 | Peasant |
| 1:29 | Farm |
| 1:35 | Farm |
| 1:39 | Peasant |
| 1:39 | Peasant |
| 1:43 | Improved Masonry |
| 2:05 | Peasant |
| 2:16 | Blacksmith |
| 2:20 | Farm |
| 2:22 | Farm |
| 2:27 | Peasant |
| 2:42 | Peasant |
| 2:49 | Thunder Clap |
| 3:14 | Keep |
| 3:23 | Farm |
| 4:08 | Farm |
| 4:18 | Scout Tower |
| 4:20 | Scout Tower |
| 4:43 | Black Gunpowder |
| 4:51 | Arcane Tower |
| 4:59 | Scout Tower |
| 5:02 | Scout Tower |
| 5:22 | Arcane Tower |
| 5:28 | Farm |
| 5:30 | Guard Tower |
| 6:04 | Advanced Masonry |
| 6:17 | Workshop |
| 6:24 | Arcane Sanctum |
| 6:31 | Arcane Sanctum |
| 6:44 | Guard Tower |
| 7:04 | Workshop |
| 7:08 | Improved Lumber Harvesting |
| 7:25 | Mortar Team |
| 7:43 | Priest Adept Training |
| 7:43 | Priest |
| 7:47 | Magic Sentry |
| 7:52 | Mortar Team |
| 7:56 | Storm Bolt |
| 8:18 | Mortar Team |
| 8:21 | Priest |
| 8:52 | Priest |
| 8:52 | Priest |
| 8:54 | Sorceress |
| 8:56 | Sorceress |
| 9:11 | Flak Cannons |
| 9:11 | Flying Machine |
| 9:45 | Sorceress |
| 10:29 | Rain of Fire |
| 12:19 | Town Hall |
| 13:51 | Scroll of Speed |
| 14:16 | Witch Doctor Adept Training |
| 14:16 | Shaman Adept Training |
| 14:19 | Shaman |
| 14:19 | Troll Witch Doctor |
| 15:34 | Howl of Terror |
| 15:37 | Watch Tower |
| 15:38 | Watch Tower |
| 15:38 | Watch Tower |
| 15:39 | Watch Tower |
| 15:42 | Pulverize |
| 15:42 | Tauren |
| 15:42 | Tauren |
| 15:57 | Town Hall |
| 18:59 | Spirit Tower |
| 19:05 | Ziggurat |
| 19:06 | Ziggurat |
| 19:06 | Ziggurat |
| 19:08 | Ziggurat |
| 19:10 | Ziggurat |
| 19:11 | Halls of the Dead |
| 19:18 | Ziggurat |
| 19:18 | Ziggurat |
| 19:18 | Ziggurat |
| 19:19 | Ziggurat |
| 19:21 | Ziggurat |
| 19:22 | Ziggurat |
| 19:23 | Ziggurat |
| Select | 273 |
| Right click | 244 |
| Misc. action | 85 |
| Build/train/purchase | 69 |
| Chat | 17 |
| Use ability | 14 |
| Esc | 3 |
| Minimap ping | 2 |
| Assign group | 1 |
| Item give/drop | 1 |
141 units @ 18.2k
/ 2.6k
74 buildings @ 10.5k
/ 4.9k

| Healing Salve | 1 | 100 |
| Orb of Lightning | 1 | 375 |
| Scroll of Speed | 1 | 50 |
| Boots of Speed | 1 | 250 |
| total: | 4 | 775g |
| Peon | 11 | 825 | / | 0 |
| Troll Batrider | 14 | 2240 | / | 560 |
| Raider | 1 | 180 | / | 40 |
| total: | 26 | 3245g | / | 600w |
| Altar of Storms | 1 | 180 | / | 50 |
| Orc Burrow | 4 | 640 | / | 160 |
| Voodoo Lounge | 1 | 130 | / | 30 |
| War Mill | 1 | 205 | / | 0 |
| Beastiary | 3 | 435 | / | 420 |
| Stronghold | 1 | 315 | / | 190 |
| Fortress | 1 | 325 | / | 190 |
| total: | 10 | 1590g | / | 660w |
| 0:02 | Peon |
| 0:02 | Peon |
| 0:08 | Altar of Storms |
| 0:11 | Orc Burrow |
| 0:18 | Peon |
| 0:32 | Voodoo Lounge |
| 0:39 | Peon |
| 0:48 | Peon |
| 1:09 | Peon |
| 1:09 | Peon |
| 1:10 | Peon |
| 1:17 | Peon |
| 1:25 | War Mill |
| 1:31 | Peon |
| 1:39 | Peon |
| 2:08 | Critical Strike |
| 2:11 | Healing Salve |
| 2:19 | Stronghold |
| 2:34 | Orc Burrow |
| 2:36 | Orc Burrow |
| 2:37 | Orc Burrow |
| 2:55 | Steel Ranged Weapons |
| 3:16 | Steel Armor |
| 3:58 | Wind Walk |
| 4:40 | Fortress |
| 4:42 | Beastiary |
| 4:42 | Beastiary |
| 4:58 | Beastiary |
| 5:58 | Wind Walk |
| 6:01 | Troll Batrider |
| 6:06 | Troll Batrider |
| 6:11 | Thorium Ranged Weapons |
| 6:18 | Troll Batrider |
| 6:37 | Troll Batrider |
| 6:48 | Troll Batrider |
| 7:06 | Liquid Fire |
| 7:15 | Troll Batrider |
| 7:15 | Troll Batrider |
| 7:57 | Arcanite Ranged Weapons |
| 8:03 | Troll Batrider |
| 8:06 | Critical Strike |
| 8:40 | Troll Batrider |
| 8:41 | Troll Batrider |
| 9:11 | Thorium Armor |
| 11:04 | Arcanite Armor |
| 12:02 | Troll Batrider |
| 12:34 | Troll Batrider |
| 13:21 | Troll Batrider |
| 13:54 | Reinforced Defenses |
| 13:57 | Troll Batrider |
| 14:53 | Steel Melee Weapons |
| 14:54 | Pillage |
| 15:02 | Orb of Lightning |
| 15:04 | Scroll of Speed |
| 16:04 | Boots of Speed |
| 16:07 | Thorium Melee Weapons |
| 16:09 | Raider |
| 16:09 | Ensnare |
| 16:48 | Critical Strike |
| 16:57 | Spiked Barricades |
| 17:24 | Arcanite Melee Weapons |
| 18:32 | Improved Spiked Barricades |
| 18:38 | Bladestorm |
| Right click | 945 |
| Select group | 729 |
| Select | 134 |
| Chat | 127 |
| Build/train/purchase | 76 |
| Assign group | 26 |
| Misc. action | 25 |
| Use ability | 5 |
| Esc | 4 |
| Remove unit | 2 |
| Item give/drop | 1 |
| Minimap ping | 1 |


| Lesser Clarity Potion | 4 | 280 |
| Scroll of Regeneration | 3 | 300 |
| Staff of Sanctuary | 1 | 250 |
| Scroll of Town Portal | 2 | 700 |
| Scroll of Healing | 4 | 1000 |
| total: | 14 | 2530g |
| Peasant | 21 | 1575 | / | 0 |
| Rifleman | 11 | 2255 | / | 330 |
| Footman | 1 | 135 | / | 0 |
| Mortar Team | 2 | 360 | / | 140 |
| Siege Engine | 7 | 1365 | / | 420 |
| Obsidian Statue | 4 | 800 | / | 140 |
| total: | 46 | 6490g | / | 1030w |
| Scout Tower | 8 | 240 | / | 160 |
| Arcane Tower | 3 | 210 | / | 150 |
| Guard Tower | 10 | 700 | / | 500 |
| Altar of Kings | 1 | 180 | / | 50 |
| Farm | 10 | 800 | / | 200 |
| Blacksmith | 1 | 140 | / | 60 |
| Barracks | 2 | 320 | / | 120 |
| Lumber Mill | 1 | 120 | / | 0 |
| Arcane Vault | 1 | 130 | / | 30 |
| Town Hall | 3 | 1155 | / | 615 |
| Workshop | 2 | 280 | / | 280 |
| Keep | 3 | 960 | / | 630 |
| Castle | 3 | 1080 | / | 630 |
| total: | 29 | 3365g | / | 1515w |
| 0:02 | Peasant |
| 0:03 | Peasant |
| 0:03 | Peasant |
| 0:09 | Altar of Kings |
| 0:19 | Farm |
| 0:26 | Peasant |
| 0:30 | Peasant |
| 0:49 | Peasant |
| 0:56 | Farm |
| 0:58 | Peasant |
| 1:03 | Peasant |
| 1:13 | Blacksmith |
| 1:37 | Barracks |
| 1:39 | Peasant |
| 1:51 | Scout Tower |
| 1:54 | Peasant |
| 2:05 | Farm |
| 2:11 | Flame Strike |
| 2:13 | Peasant |
| 2:32 | Arcane Tower |
| 2:33 | Peasant |
| 2:41 | Rifleman |
| 2:45 | Lumber Mill |
| 2:54 | Farm |
| 3:14 | Rifleman |
| 3:32 | Siphon Mana |
| 3:32 | Siphon Mana |
| 3:37 | Farm |
| 3:44 | Scout Tower |
| 3:45 | Peasant |
| 4:06 | Arcane Vault |
| 4:08 | Peasant |
| 4:10 | Rifleman |
| 4:10 | Rifleman |
| 4:11 | Rifleman |
| 4:13 | Arcane Tower |
| 4:38 | Peasant |
| 4:38 | Footman |
| 4:53 | Rifleman |
| 4:55 | Peasant |
| 4:57 | Farm |
| 5:26 | Town Hall |
| 5:32 | Scout Tower |
| 5:44 | Scout Tower |
| 6:12 | Guard Tower |
| 6:17 | Guard Tower |
| 6:36 | Scout Tower |
| 6:36 | Peasant |
| 6:36 | Peasant |
| 6:38 | Scout Tower |
| 6:45 | Peasant |
| 7:03 | Keep |
| 7:07 | Guard Tower |
| 7:21 | Lesser Clarity Potion |
| 7:21 | Lesser Clarity Potion |
| 7:26 | Guard Tower |
| 7:26 | Peasant |
| 7:27 | Farm |
| 7:30 | Farm |
| 8:05 | Rifleman |
| 8:09 | Farm |
| 8:10 | Peasant |
| 8:14 | Scout Tower |
| 8:19 | Scout Tower |
| 8:24 | Barracks |
| 8:34 | Lesser Clarity Potion |
| 8:36 | Scroll of Regeneration |
| 8:42 | Flame Strike |
| 8:44 | Rifleman |
| 8:51 | Guard Tower |
| 8:52 | Rifleman |
| 9:02 | Rifleman |
| 9:41 | Workshop |
| 9:41 | Workshop |
| 9:55 | Scroll of Town Portal |
| 9:56 | Scroll of Healing |
| 9:58 | Scroll of Healing |
| 10:06 | Long Rifles |
| 10:07 | Black Gunpowder |
| 10:13 | Farm |
| 10:21 | Scroll of Regeneration |
| 10:33 | Holy Light |
| 10:39 | Castle |
| 11:09 | Mortar Team |
| 11:09 | Flare |
| 11:22 | Refined Gunpowder |
| 11:24 | Mortar Team |
| 11:53 | Rifleman |
| 13:00 | Iron Plating |
| 13:02 | Siege Engine |
| 13:03 | Lesser Clarity Potion |
| 13:05 | Scroll of Town Portal |
| 13:06 | Staff of Sanctuary |
| 13:13 | Scroll of Regeneration |
| 13:15 | Fragmentation Shards |
| 13:54 | Barrage |
| 13:54 | Siege Engine |
| 13:54 | Siege Engine |
| 14:17 | Obsidian Statue |
| 14:17 | Obsidian Statue |
| 14:17 | Obsidian Statue |
| 14:17 | Obsidian Statue |
| 14:57 | Siege Engine |
| 15:37 | Town Hall |
| 15:39 | Siege Engine |
| 15:56 | Scroll of Healing |
| 15:56 | Scroll of Healing |
| 16:10 | Siege Engine |
| 16:10 | Siege Engine |
| 16:24 | Siphon Mana |
| 16:44 | Devotion Aura |
| 16:44 | Devotion Aura |
| 18:26 | Town Hall |
| 18:36 | Imbued Gunpowder |
| 18:36 | Steel Plating |
| 19:30 | Flame Strike |
| 19:49 | Devotion Aura |
| 19:49 | Holy Light |
| 19:50 | Holy Light |
| Right click | 1105 |
| Select group | 818 |
| Assign group | 492 |
| Select | 392 |
| Build/train/purchase | 159 |
| Misc. action | 76 |
| Use ability | 75 |
| Chat | 32 |
| Remove unit | 5 |
| Item give/drop | 1 |
| Minimap ping | 1 |

| Rod of Necromancy | 1 | 150 |
| Scroll of Town Portal | 2 | 700 |
| Scroll of Regeneration | 1 | 100 |
| total: | 4 | 950g |
| Acolyte | 3 | 225 | / | 0 |
| Ghoul | 4 | 480 | / | 0 |
| Necromancer | 7 | 1015 | / | 140 |
| Meat Wagon | 3 | 690 | / | 150 |
| Obsidian Statue | 1 | 200 | / | 35 |
| total: | 18 | 2610g | / | 325w |
| Nerubian Tower | 1 | 100 | / | 20 |
| Spirit Tower | 2 | 290 | / | 80 |
| Ziggurat | 4 | 600 | / | 200 |
| Altar of Darkness | 1 | 180 | / | 50 |
| Crypt | 1 | 200 | / | 50 |
| Tomb of Relics | 1 | 130 | / | 30 |
| Graveyard | 1 | 215 | / | 0 |
| Temple of the Damned | 1 | 155 | / | 140 |
| Slaughterhouse | 1 | 140 | / | 135 |
| Halls of the Dead | 2 | 640 | / | 420 |
| Black Citadel | 1 | 325 | / | 230 |
| total: | 10 | 1620g | / | 605w |
| 0:15 | Acolyte |
| 0:23 | Ziggurat |
| 0:25 | Altar of Darkness |
| 0:29 | Crypt |
| 0:38 | Acolyte |
| 0:38 | Acolyte |
| 1:16 | Nerubian Tower |
| 1:29 | Tomb of Relics |
| 1:34 | Ghoul |
| 1:51 | Graveyard |
| 1:55 | Ghoul |
| 2:10 | Ghoul |
| 2:32 | Sleep |
| 2:36 | Ghoul |
| 2:41 | Rod of Necromancy |
| 3:05 | Halls of the Dead |
| 3:30 | Ziggurat |
| 4:54 | Vampiric Aura |
| 5:34 | Temple of the Damned |
| 5:37 | Slaughterhouse |
| 5:40 | Ziggurat |
| 5:54 | Spirit Tower |
| 6:39 | Necromancer Adept Training |
| 6:41 | Necromancer |
| 6:41 | Necromancer |
| 6:41 | Necromancer |
| 6:42 | Skeletal Mastery |
| 6:44 | Necromancer |
| 6:44 | Necromancer |
| 6:48 | Exhume Corpses |
| 6:48 | Meat Wagon |
| 7:07 | Meat Wagon |
| 7:27 | Spirit Tower |
| 7:35 | Ziggurat |
| 8:03 | Obsidian Statue |
| 8:57 | Meat Wagon |
| 9:10 | Necromancer |
| 9:16 | Black Citadel |
| 9:26 | Unholy Strength |
| 9:28 | Unholy Armor |
| 9:55 | Necromancer |
| 10:16 | Scroll of Town Portal |
| 11:40 | Disease Cloud |
| 11:42 | Necromancer Master Training |
| 13:01 | Improved Unholy Strength |
| 13:01 | Improved Unholy Armor |
| 13:25 | Scroll of Town Portal |
| 13:27 | Scroll of Regeneration |
| Right click | 245 |
| Select group | 158 |
| Select | 121 |
| Build/train/purchase | 67 |
| Assign group | 20 |
| Use ability | 7 |
| Chat | 6 |
| Minimap ping | 4 |
| Misc. action | 1 |
| Esc | 1 |

| Lesser Clarity Potion | 2 | 140 |
| Potion of Healing | 1 | 150 |
| Potion of Mana | 1 | 200 |
| Staff of Preservation | 1 | 150 |
| Potion of Lesser Invulnerability | 1 | 150 |
| Ivory Tower | 2 | 80 |
| total: | 8 | 870g |
| Wisp | 37 | 2220 | / | 0 |
| Archer | 5 | 650 | / | 50 |
| Chimaera | 9 | 2970 | / | 630 |
| total: | 51 | 5840g | / | 680w |
| Ancient Protector | 11 | 1485 | / | 880 |
| Altar of Elders | 1 | 180 | / | 50 |
| Moon Well | 6 | 1080 | / | 240 |
| Ancient of War | 1 | 150 | / | 60 |
| Ancient of Wonders | 1 | 90 | / | 30 |
| Hunter's Hall | 1 | 210 | / | 100 |
| Tree of Life | 1 | 340 | / | 185 |
| Chimaera Roost | 3 | 420 | / | 570 |
| Tree of Ages | 2 | 640 | / | 360 |
| Tree of Eternity | 1 | 330 | / | 200 |
| Arcane Tower | 2 | 140 | / | 100 |
| total: | 25 | 3955g | / | 2115w |
| 0:02 | Wisp |
| 0:02 | Wisp |
| 0:03 | Wisp |
| 0:22 | Altar of Elders |
| 0:28 | Wisp |
| 0:33 | Moon Well |
| 0:43 | Wisp |
| 0:47 | Ancient of War |
| 0:50 | Wisp |
| 0:50 | Wisp |
| 1:38 | Moon Well |
| 1:42 | Wisp |
| 1:42 | Wisp |
| 1:49 | Archer |
| 1:56 | Ancient of Wonders |
| 1:59 | Wisp |
| 1:59 | Wisp |
| 2:16 | Moon Well |
| 2:31 | Searing Arrows |
| 2:35 | Archer |
| 2:38 | Wisp |
| 2:38 | Wisp |
| 2:51 | Archer |
| 3:12 | Tree of Ages |
| 3:26 | Archer |
| 3:45 | Hunter's Hall |
| 3:54 | Lesser Clarity Potion |
| 3:54 | Lesser Clarity Potion |
| 4:03 | Archer |
| 4:30 | Trueshot Aura |
| 4:47 | Moon Well |
| 4:52 | Reinforced Hides |
| 5:14 | Strength of the Wild |
| 6:01 | Tree of Life |
| 6:04 | Ancient Protector |
| 6:06 | Ancient Protector |
| 6:10 | Trueshot Aura |
| 6:16 | Ancient Protector |
| 6:18 | Ancient Protector |
| 6:25 | Improved Bows |
| 6:26 | Wisp |
| 6:26 | Wisp |
| 6:26 | Wisp |
| 6:28 | Wisp |
| 6:28 | Wisp |
| 6:42 | Ancient Protector |
| 6:47 | Wisp |
| 7:43 | Tree of Eternity |
| 7:46 | Improved Strength of the Wild |
| 8:02 | Improved Reinforced Hides |
| 8:07 | Wisp |
| 8:07 | Wisp |
| 8:07 | Wisp |
| 8:07 | Wisp |
| 8:11 | Wisp |
| 8:17 | Wisp |
| 9:04 | Ancient Protector |
| 9:26 | Potion of Healing |
| 9:26 | Potion of Mana |
| 9:26 | Staff of Preservation |
| 9:39 | Ancient Protector |
| 9:43 | Ancient Protector |
| 9:47 | Ancient Protector |
| 10:04 | Potion of Lesser Invulnerability |
| 10:09 | Wisp |
| 10:09 | Wisp |
| 10:10 | Wisp |
| 10:10 | Wisp |
| 10:12 | Chimaera Roost |
| 10:19 | Chimaera Roost |
| 10:38 | Wisp |
| 10:41 | Moon Well |
| 11:10 | Searing Arrows |
| 11:24 | Wisp |
| 11:25 | Wisp |
| 11:26 | Wisp |
| 11:36 | Chimaera Roost |
| 11:51 | Wisp |
| 11:51 | Wisp |
| 11:54 | Chimaera |
| 12:35 | Nature's Blessing |
| 12:35 | Chimaera |
| 12:38 | Chimaera |
| 12:51 | Ivory Tower |
| 12:51 | Ivory Tower |
| 12:59 | Arcane Tower |
| 13:00 | Arcane Tower |
| 13:03 | Wisp |
| 13:04 | Wisp |
| 13:06 | Chimaera |
| 13:41 | Chimaera |
| 13:42 | Corrosive Breath |
| 13:44 | Chimaera |
| 13:52 | Moon Well |
| 14:31 | Chimaera |
| 14:37 | Advanced Strength of the Wild |
| 15:19 | Ancient Protector |
| 15:21 | Ancient Protector |
| 15:36 | Advanced Reinforced Hides |
| 16:02 | Trueshot Aura |
| 16:13 | Well Spring |
| 16:59 | Starfall |
| 17:18 | Chimaera |
| 17:19 | Chimaera |
| 17:20 | Ultravision |
| 18:05 | Vampiric Aura |
| 18:07 | Carrion Swarm |
| Right click | 433 |
| Select group | 387 |
| Select | 165 |
| Assign group | 141 |
| Chat | 110 |
| Build/train/purchase | 99 |
| Misc. action | 81 |
| Use ability | 10 |
| Minimap ping | 5 |
| Esc | 2 |
| Item give/drop | 1 |
| Remove unit | 1 |
⇛